[Event "Early-Titled-Tuesday-Blitz-February-13-2024"]
[Site "Chess.com"]
[Date "2024.02.13"]
[Round "5"]
[White "ChessBliss09"]
[Black "RaugintaBulba"]
[Result "0-1"]
[WhiteElo "2130"]
[BlackElo "2428"]
[TimeControl "180+1"]
[EndTime "8:59:41 PST"]
[Termination "RaugintaBulba won by checkmate"]

1. c4 b6 2. d4 Bb7 3. Nc3 g6 4. e4 Bg7 5. Nf3 c5 6. Be3 d6 7.
d5 Nf6 8. Bd3 Nbd7 9. O-O Ng4 10. Qe2 Nxe3 11. Qxe3 O-O 12. Nd2 a6 13. Kh1 Ne5 14.
f4 Nxd3 15. Qxd3 b5 16. cxb5 axb5 17. Qxb5 Ba6 18. Qb3 Bxf1 19. Rxf1 Qa5 20. Nc4 Qb4 21. Qxb4 cxb4 22. Nb5 Rxa2 23. b3 Rfa8 24. e5 Ra1 25.
Kg1 dxe5 26. fxe5 Rxf1+ 27. Kxf1 Ra1+ 28. Kf2 Rb1 29. Nd4 f6 30. e6 f5 31. Nc6 Bf6 32.
Nxb4 Rxb3 33. Nc6 Rc3 34. N6a5 Rd3 35. Nb6 Bd4+ 36. Ke2 Bxb6 37. Kxd3 Bxa5 38. Kc4 Bc7 39. h3 Bd6 40. Kb5 Kg7 41. Kc6 Kf6 42. Kd7 h6 43. Ke8 g5 44. Kf8 h5 45. Kg8 g4 46.
hxg4 hxg4 47. Kh7 f4 48. Kh6 f3 49. gxf3 gxf3 50. Kh5 Kf5 51. Kh6 f2 52. Kg7 f1=Q 53.
Kf8 Qg1 54. Ke8 Qg8+ 55. Kd7 Qb8 56. Kc6 Qc7+ 57. Kb5 Qc5+ 58. Ka6 Bc7 59. Kb7 Ba5 60. Ka8 Qxd5+ 61. Ka7 Qc5+ 62. Kb7 Qb6+ 63. Ka8 Qd8+ 64. Kb7 Kxe6 65. Kc6 Qd5# 0-1

[Event "Early-Titled-Tuesday-Blitz-February-13-2024"]
[Site "Chess.com"]
[Date "2024.02.13"]
[Round "5"]
[White "Sam_ChessMood"]
[Black "Polish_fighter3000"]
[Result "0-1"]
[WhiteElo "2927"]
[BlackElo "3069"]
[TimeControl "180+1"]
[EndTime "8:59:42 PST"]
[Termination "Polish_fighter3000 won by resignation"]

1. d4 Nf6 2. c4 g6 3. Nc3 d5 4. cxd5 Nxd5 5. Bd2 Nb6 6. e3 Bg7 7. h4 e5 8. dxe5 Nc6 9. f4 f6 10. exf6 Qxf6 11. Nf3 Bf5 12. e4 Qe7 13. Qe2 Bg4 14. O-O-O O-O-O 15. e5 Bh6 16. Be3 Rxd1+ 17. Qxd1 Nxe5 18.
Qd4 Nf7 19. Ng5 Rd8 20. Qe4 Bxg5 21. hxg5 Rd1+ 22. Kc2 Bf5 23. Qxf5+ gxf5 24. Nxd1 Nd5 25. Bd2 Nxf4 26. Rxh7 Qe4+ 27. Kc1 Nxg5 28. Rh8+ Kd7 29.
Nc3 Qd4 30. Rg8 Qg1 31. Rxg5 Qxf1+ 32. Kc2 Ne6 0-1

[Event "Early-Titled-Tuesday-Blitz-February-13-2024"]
[Site "Chess.com"]
[Date "2024.02.13"]
[Round "5"]
[White "Ykow"]
[Black "Fonsofan"]
[Result "1-0"]
[WhiteElo "2520"]
[BlackElo "2655"]
[TimeControl "180+1"]
[EndTime "8:59:42 PST"]
[Termination "Ykow won on time"]

1. e4 Nf6 2. e5 Nd5 3. d4 d6 4. Nf3 Bg4 5. Be2 e6 6. exd6 Bxd6 7. h3 Bh5 8. c4 Nf6 9. Nc3 O-O 10. O-O a6 11. Bg5 Nbd7 12. Qd2 c6 13. Rad1 Qb8 14. Rfe1 b5 15. b3 Re8 16. Ne5 Bxe2 17. Qxe2 Qb7 18.
Qf3 Rac8 19. Nxd7 Nxd7 20. Ne4 Bf8 21. Bf4 bxc4 22. bxc4 Qb4 23. c5 Red8 24. Bd6 h6 25. g4 Qc4 26. h4 Qd5 27. Qf4 f5 28. Bxf8 fxe4 29. Bd6 Qxa2 30. g5 Qd5 31. Rxe4 hxg5 32. hxg5 Nf8 33. Rde1 Ng6 34. Qg4 Re8 35. Rxe6 Rxe6 36.
Rxe6 Nh4 37. Re3 Nf5 38. Re5 Qxd4 39. Qxf5 Qd1+ 40. Kg2 Ra8 41. g6 1-0

[Event "Early-Titled-Tuesday-Blitz-February-13-2024"]
[Site "Chess.com"]
[Date "2024.02.13"]
[Round "5"]
[White "Alex_Banzea"]
[Black "rhungaski"]
[Result "0-1"]
[WhiteElo "2605"]
[BlackElo "2497"]
[TimeControl "180+1"]
[EndTime "8:59:42 PST"]
[Termination "rhungaski won by resignation"]

1. d4 g6 2. Nc3 Bg7 3. e4 d6 4.
h3 a6 5. a4 b6 6. Nge2 Bb7 7. g4 Nd7 8. Ng3 e5 9. d5 Qh4 10. Be3 Bh6 11. Qd2 Bxe3 12. Qxe3 f6 13. O-O-O Qg5 14. Be2 Qxe3+ 15. fxe3 Nh6 16. Rdf1 Ke7 17. h4 Raf8 18. h5 Nf7 19. Kd2 Ng5 20. Rh2 Bc8 21. Rfh1 Rhg8 22. b4 Rf7 23. Rb1 Rgf8 24.
hxg6 hxg6 25. a5 bxa5 26. bxa5 Nc5 27. Rb4 Bd7 28. Rh1 Rh7 29. Rxh7+ Nxh7 30. Nd1 Ng5 31. Nf2 Rh8 32. Nd3 Rh2 33. Kd1 Rg2 34.
Nf1 Ngxe4 0-1

[Event "Early-Titled-Tuesday-Blitz-February-13-2024"]
[Site "Chess.com"]
[Date "2024.02.13"]
[Round "5"]
[White "kylelancman"]
[Black "zverr1"]
[Result "0-1"]
[WhiteElo "2431"]
[BlackElo "2578"]
[TimeControl "180+1"]
[EndTime "8:59:42 PST"]
[Termination "zverr1 won on time"]

1. e4 c5 2. Nf3 Nc6 3. c3 Nf6 4.
e5 Nd5 5. Bc4 Nb6 6. Bb3 c4 7.
Bc2 d6 8. exd6 Qxd6 9. O-O Bg4 10. h3 Bh5 11. Na3 O-O-O 12. b3 Ne5 13. g4 Nxg4 14. Bf5+ e6 15. hxg4 Bg6 16. Bxg6 hxg6 17. d4 cxd3 18. Nb5 Qb8 19. Be3 e5 20. Qd2 Be7 21. a4 f6 22.
a5 a6 23. Na7+ Qxa7 24. Bxb6 Qb8 25. Bxd8 e4 26. Rfe1 exf3 0-1

[Event "Early-Titled-Tuesday-Blitz-February-13-2024"]
[Site "Chess.com"]
[Date "2024.02.13"]
[Round "5"]
[White "nekotyanof"]
[Black "HajiyevKanan"]
[Result "1-0"]
[WhiteElo "2646"]
[BlackElo "2498"]
[TimeControl "180+1"]
[EndTime "8:59:44 PST"]
[Termination "nekotyanof won by checkmate"]

1. e4 c6 2. Nc3 d5 3. d4 a6 4. Nf3 Bg4 5. h3 Bh5 6. Be2 e6 7. O-O Nf6 8. e5 Nfd7 9. Bf4 c5 10. Nd2 Bxe2 11. Nxe2 cxd4 12. Nxd4 Bc5 13. N2b3 Bxd4 14. Nxd4 O-O 15. Qg4 Re8 16. Nf3 Nc6 17. Rfe1 Rc8 18. c3 Ne7 19. Bg5 Qb6 20. Bxe7 Rxe7 21. Re2 Rc4 22. Qg5 Re8 23. h4 Qd8 24. Qg3 b5 25. a3 a5 26. h5 h6 27. Nd4 b4 28. axb4 axb4 29. Re3 bxc3 30. bxc3 Nc5 31. Qf4 Qg5 32.
Qxg5 hxg5 33. Nb5 Re7 34. Ra8+ Kh7 35. Rc8 Nd7 36. Rxc4 dxc4 37. Nd6 Nb6 38. Rf3 Kg8 39. Ne4 g4 40. Rg3 Nd7 41. Rxg4 Nxe5 42. Rg5 Nd3 43.
Nf6+ Kf8 44. h6 Ra7 45. hxg7+ Ke7 46. g8=Q Ra1+ 47. Kh2 Kxf6 48. Qd8# 1-0

[Event "Early-Titled-Tuesday-Blitz-February-13-2024"]
[Site "Chess.com"]
[Date "2024.02.13"]
[Round "5"]
[White "allvim"]
[Black "barbara25"]
[Result "0-1"]
[WhiteElo "2447"]
[BlackElo "2298"]
[TimeControl "180+1"]
[EndTime "8:59:45 PST"]
[Termination "barbara25 won by resignation"]

1. e4 d6 2. d4 g6 3. Nc3 Bg7 4. f4 Nd7 5. Nf3 e5 6. Bc4 exd4 7. Nxd4 Ngf6 8. Be3 O-O 9. Qd2 c6 10. a4 Nc5 11. Bd3 Re8 12. O-O-O Nfxe4 13. Nxe4 Nxe4 14. Bxe4 Rxe4 15. Rhe1 d5 16. h3 Qf6 17. c3 Bd7 18.
Nf3 Qd6 19. Qc2 Rae8 20. Bd2 Rxe1 21. Rxe1 Rxe1+ 22. Nxe1 Bf5 23. Qb3 b6 24. Nf3 Be4 25. Nd4 Bxd4 26. cxd4 c5 27. a5 cxd4 28. axb6 axb6 29. g3 Qc5+ 30. Kd1 b5 31. Bb4 Qc4 32. Qxc4 dxc4 33. Bc5 d3 34. Kd2 Kg7 35. Bd4+ f6 36.
Kc3 Kf7 37. b3 Bd5 38. Be3 Ke6 39. g4 h5 40. f5+ gxf5 41. gxh5 Kf7 42. Kd4 cxb3 43.
Kxd3 b4 44. Bc1 f4 45. Bb2 Kg7 46. Kd4 f3 47. Ke3 Kh6 48. Bxf6 Kxh5 49. Bb2 Kh4 50.
Kf2 Kxh3 51. Be5 Kg4 52. Bb2 Kf5 0-1

[Event "Early-Titled-Tuesday-Blitz-February-13-2024"]
[Site "Chess.com"]
[Date "2024.02.13"]
[Round "5"]
[White "CFalcons8"]
[Black "Bilan_Danila"]
[Result "0-1"]
[WhiteElo "2371"]
[BlackElo "2563"]
[TimeControl "180+1"]
[EndTime "8:59:47 PST"]
[Termination "Bilan_Danila won by resignation"]

1. d4 d5 2. c4 c6 3. cxd5 cxd5 4. Nc3 Nf6 5. Bf4 Nc6 6. e3 Bf5 7. Bd3 Bxd3 8. Qxd3 e6 9. Nge2 Bd6 10. Bxd6 Qxd6 11. f4 O-O 12. a3 Na5 13. O-O Rfc8 14. e4 dxe4 15. Nxe4 Nxe4 16. Qxe4 Nc4 17. Qxb7 Rab8 18. Qxa7 Rxb2 19. Rf2 Ne3 20. Qa5 Ng4 21. Raf1 Nxf2 22.
Rxf2 g6 23. h4 Rcc2 24. Qa8+ Kg7 25. Qe4 Qd5 26. Qe3 Qh5 27. Ng3 Qd1+ 28. Kh2 Rxf2 29. Qe5+ Kg8 0-1

[Event "Early-Titled-Tuesday-Blitz-February-13-2024"]
[Site "Chess.com"]
[Date "2024.02.13"]
[Round "5"]
[White "Attacks_Hurricane"]
[Black "Attacker_2006"]
[Result "1-0"]
[WhiteElo "2327"]
[BlackElo "2486"]
[TimeControl "180+1"]
[EndTime "8:59:47 PST"]
[Termination "Attacks_Hurricane won on time"]

1. e4 e5 2. Nf3 Nc6 3. d4 exd4 4. Bc4 Bb4+ 5. c3 dxc3 6. O-O Nf6 7. e5 d5 8. exf6 dxc4 9. fxg7 Rg8 10. Qc2 Qd3 11.
Re1+ Be6 12. Qxd3 cxd3 13. bxc3 Bc5 14. Ng5 O-O-O 15. Nxe6 fxe6 16. Rxe6 Rxg7 17. Nd2 Rgg8 18. Ne4 Bb6 19. Bf4 Rge8 20. Rxe8 Rxe8 21. Ng3 h5 22. h4 Na5 23. Rd1 Nc4 24. Rxd3 Re1+ 25.
Kh2 Bxf2 26. Bg5 Bg1+ 27. Kh3 b5 28. Nxh5 a5 29. Nf4 Bb6 30. Kh2 Bf2 31. h5 Ne5 32. Rd8+ Kb7 33. g3 Nf3+ 34. Kg2 Nxg5 35. Kxf2 Rh1 36. Re8 Ne4+ 37. Rxe4 1-0

[Event "Early-Titled-Tuesday-Blitz-February-13-2024"]
[Site "Chess.com"]
[Date "2024.02.13"]
[Round "5"]
[White "SlavenPastar"]
[Black "LiamPutnam2008"]
[Result "0-1"]
[WhiteElo "2614"]
[BlackElo "2810"]
[TimeControl "180+1"]
[EndTime "8:59:48 PST"]
[Termination "LiamPutnam2008 won on time"]

1. b3 e5 2. Bb2 e4 3. e3 Nf6 4. d3 d5 5. Nd2 exd3 6. Bxd3 Nc6 7. Ngf3 Bd6 8. O-O O-O 9. a3 Qe7 10. c4 Bg4 11. Bxf6 Qxf6 12. cxd5 Ne5 13. Be2 Qh6 14. g3 Bh3 15. Re1 Ng4 16. Bf1 Rfe8 17.
Bxh3 Qxh3 18. Qe2 Qh5 19. e4 Bc5 20. Rf1 Qxd5 21. h3 Nf6 22. Rfe1 Qh5 23. Kg2 Rad8 24. b4 Bb6 25. e5 Nd5 26. Nc4 Qg6 27. Qe4 f5 28. Qh4 f4 29. Nxb6 axb6 30. e6 fxg3 31. Qxg3 Rxe6 32. Rxe6 Qxe6 33. Re1 Qd6 34. Re5 Rf8 35. Qg5 Nf4+ 36. Kh2 Ng6 0-1

[Event "Early-Titled-Tuesday-Blitz-February-13-2024"]
[Site "Chess.com"]
[Date "2024.02.13"]
[Round "5"]
[White "azikom"]
[Black "malakismayil"]
[Result "1-0"]
[WhiteElo "2735"]
[BlackElo "2515"]
[TimeControl "180+1"]
[EndTime "8:59:48 PST"]
[Termination "azikom won on time"]

1. c4 e5 2. Nc3 Nf6 3. e3 Bb4 4. Nge2 O-O 5. a3 Bxc3 6. Nxc3 Nc6 7. d3 d6 8. Be2 h6 9. O-O Re8 10. b4 Be6 11. Bb2 a6 12. Qc2 d5 13. cxd5 Nxd5 14.
Ne4 Rb8 15. Nc5 Qd6 16. Nxe6 Rxe6 17. Bf3 Nde7 18. Rac1 Rd8 19. Rfd1 f5 20. Qc5 Qd7 21. h3 Kh8 22. a4 Nd5 23. b5 axb5 24. axb5 Nce7 25. Qc4 c6 26. bxc6 bxc6 27. g3 Ng6 28. Bg2 f4 29. e4 Nf6 30. d4 fxg3 31. fxg3 exd4 32. Rxd4 Qa7 33. Qxe6 Rxd4 34. Bxd4 Qxd4+ 35. Kh2 Qe3 36. Rf1 Kh7 37. Qf5 h5 38. Rf3 Qe2 39. e5 Qxe5 40. Qxe5 Nxe5 41. Rc3 Nd5 42. Bxd5 cxd5 43.
Rc5 d4 44. Rxe5 1-0

[Event "Early-Titled-Tuesday-Blitz-February-13-2024"]
[Site "Chess.com"]
[Date "2024.02.13"]
[Round "5"]
[White "FairChess_on_YouTube"]
[Black "Mops_2004"]
[Result "1-0"]
[WhiteElo "3081"]
[BlackElo "2852"]
[TimeControl "180+1"]
[EndTime "8:59:50 PST"]
[Termination "FairChess_on_YouTube won on time"]

1. d4 g6 2. e4 Bg7 3. Nf3 d6 4. Bc4 Nc6 5. O-O Nf6 6. Qe2 e5 7. dxe5 Nxe5 8. Nxe5 dxe5 9. Rd1 Qe7 10. b3 O-O 11.
Ba3 c5 12. Nc3 b6 13. Rd3 Bg4 14. f3 Be6 15. Rad1 Bxc4 16. bxc4 Rfc8 17. Bc1 h6 18. Nd5 Nxd5 19. Rxd5 Rd8 20. Qd3 Rxd5 21. Qxd5 Rc8 22. Qd7 Rc7 23. Qxe7 Rxe7 24. Rd8+ Kh7 25. a4 a5 26. Kf2 Bf6 27. g3 Bg5 28. Bb2 Bf6 29. Rd6 Re6 30. Rd7 Kg7 31. Bc3 Kf8 32. Rb7 Kg7 33.
Ke2 Kf8 34. Bd2 Kg7 35. Be3 Bg5 36. f4 exf4 37. gxf4 Bf6 38. e5 Bh4 39. Kf3 Kf8 40. Ke4 Be7 41. Kd5 Kg7 42. Rb8 h5 43. Bf2 1-0

[Event "Early-Titled-Tuesday-Blitz-February-13-2024"]
[Site "Chess.com"]
[Date "2024.02.13"]
[Round "5"]
[White "Willhaven3"]
[Black "Cirky"]
[Result "1-0"]
[WhiteElo "2624"]
[BlackElo "2482"]
[TimeControl "180+1"]
[EndTime "8:59:50 PST"]
[Termination "Willhaven3 won on time"]

1. d4 Nf6 2. Nf3 e6 3. c4 d5 4.
Nc3 dxc4 5. e4 b5 6. e5 Nd5 7. Nxb5 Nb6 8. Be2 Bb7 9. O-O Nc6 10. Qd2 Be7 11. Qf4 O-O 12. Qg4 Kh8 13. Rd1 Nb4 14. Nc3 N4d5 15. Ng5 h6 16. Nge4 a5 17. Qh5 Kh7 18. a4 Qe8 19. Qg4 Rd8 20. Bd2 Nb4 21. Be3 Qd7 22. Nc5 Bxc5 23. dxc5 N6d5 24. Bxc4 Nxe3 25. fxe3 Qc6 26. Bf1 Qxc5 27. Qf4 g5 28.
Qf6 Qxe3+ 29. Kh1 Rxd1 30. Rxd1 Qf4 31. Qe7 Kg7 32. Qxc7 Bd5 33. Qb6 Qxe5 34. Kg1 Qf4 35. Qxa5 Bb3 36. Re1 Nd5 37. Qc5 Rb8 38. Ne4 Bxa4 39.
Qd4+ f6 40. Qxa4 1-0

[Event "Early-Titled-Tuesday-Blitz-February-13-2024"]
[Site "Chess.com"]
[Date "2024.02.13"]
[Round "5"]
[White "kidagent"]
[Black "Canal_Showdrez"]
[Result "1-0"]
[WhiteElo "2342"]
[BlackElo "2077"]
[TimeControl "180+1"]
[EndTime "8:59:51 PST"]
[Termination "kidagent won by resignation"]

1. c4 Nf6 2. g3 g6 3. Bg2 Bg7 4. Nc3 d6 5. Nf3 O-O 6. O-O e5 7. d3 Nc6 8. a3 a5 9. Rb1 Bg4 10.
b4 axb4 11. axb4 Qd7 12. Re1 Bh3 13. Bh1 Ng4 14. Nd5 h6 15. Bd2 Kh7 16. Qc1 f5 17. Nh4 Nd4 18. f3 Nf6 19. Nxf6+ Rxf6 20. e3 Ne6 21. Bc3 Ra2 22. Rb2 Qa4 23. Ree2 Rxb2 24. Rxb2 g5 25. Ng2 Rg6 26. Ne1 f4 27. Qb1 fxe3 28. Ra2 Qe8 29. Re2 e4 30. Bxg7 exf3 31. Rxe3 Kxg7 32. Bxf3 Qf7 33. Nc2 g4 34. Bxb7 Ng5 35.
Bd5 Qf6 36. Qe1 Nf3+ 37. Bxf3 gxf3 38. Re7+ Kh8 39. Re8+ Kh7 40. Qe7+ Qxe7 41. Rxe7+ Rg7 42. Rxg7+ Kxg7 43. Kf2 Kf6 44. Kxf3 Ke5 45. Ke3 Bf1 46. d4+ Ke6 47. c5 dxc5 48. bxc5 Kd5 49. Nb4+ Kc4 50.
Na6 c6 51. Nc7 Bg2 52. Ne6 Kc3 53. Nf4 Bh1 54. g4 Kc4 55. h4 Kc3 56. g5 hxg5 57. hxg5 1-0

[Event "Early-Titled-Tuesday-Blitz-February-13-2024"]
[Site "Chess.com"]
[Date "2024.02.13"]
[Round "5"]
[White "stollenmonster"]
[Black "ChessRespected"]
[Result "1-0"]
[WhiteElo "2895"]
[BlackElo "2559"]
[TimeControl "180+1"]
[EndTime "8:59:52 PST"]
[Termination "stollenmonster won on time"]

1. e4 e5 2. Nc3 Nf6 3. g3 d5 4. exd5 Nxd5 5. Bg2 Nxc3 6. bxc3 Bd6 7. d3 O-O 8. Ne2 Nc6 9. Rb1 Qd7 10. O-O Rb8 11.
f4 b6 12. f5 Bb7 13. g4 f6 14. Ng3 Ne7 15. Ne4 Kh8 16. c4 Nc6 17. g5 fxg5 18. f6 gxf6 19. Nxf6 Bc5+ 20. Kh1 Qg7 21. Ne4 Rxf1+ 22.
Qxf1 Rf8 23. Qd1 Nd4 24. Qh5 Qf7 25. Qxf7 Rxf7 26. Bxg5 Bxe4 27. Bxe4 Nxc2 28. Bd5 Rf8 29. Bh6 Rf6 30. Bg5 Rg6 31. Bd8 Ne3 32. Be4 Re6 33. Rg1 Nxc4 34. Rg5 Nd6 35. Bd5 Rg6 36. Bf6+ 1-0

[Event "Early-Titled-Tuesday-Blitz-February-13-2024"]
[Site "Chess.com"]
[Date "2024.02.13"]
[Round "5"]
[White "marik_spb"]
[Black "GoValya"]
[Result "1-0"]
[WhiteElo "2479"]
[BlackElo "2282"]
[TimeControl "180+1"]
[EndTime "8:59:52 PST"]
[Termination "marik_spb won by resignation"]

1. d4 d5 2. c4 c6 3. Nf3 Nf6 4. Nc3 g6 5. Bg5 Bg7 6. cxd5 Nxd5 7. e4 Nxc3 8. bxc3 Bg4 9. Be2 c5 10. Ne5 Bxe2 11. Qxe2 cxd4 12. Qb5+ Nd7 13. cxd4 Bxe5 14. dxe5 Qb6 15. Rb1 Qxb5 16. Rxb5 Nb6 17. Ke2 h6 18. Be3 Nc4 19. Rxb7 Nxe5 20. Rc1 O-O 21. Bxh6 Rfe8 22.
Rcc7 a5 23. Rxe7 Rxe7 24. Rxe7 Nc6 25. Rc7 Nb4 26. a3 Na6 27. Rc6 Ra7 28. Be3 Ra8 29. h4 Kf8 30. g4 Ke7 31. h5 gxh5 32. gxh5 Kd7 33. Rf6 Ke7 34. Rb6 Nc7 35. Rb7 Kd8 36.
Bb6 Rc8 37. Rxc7 Rxc7 38. h6 1-0

[Event "Early-Titled-Tuesday-Blitz-February-13-2024"]
[Site "Chess.com"]
[Date "2024.02.13"]
[Round "5"]
[White "Kaua18"]
[Black "tylityli"]
[Result "0-1"]
[WhiteElo "2530"]
[BlackElo "2303"]
[TimeControl "180+1"]
[EndTime "8:59:53 PST"]
[Termination "tylityli won on time"]

1. e4 e5 2. Nf3 Nc6 3. Nc3 Nf6 4. a3 d5 5. Bd3 dxe4 6. Nxe4 Nxe4 7. Bxe4 Be7 8. O-O f6 9. Re1 O-O 10. c3 Bg4 11. h3 Bh5 12. Qb3+ Bf7 13. Qxb7 Bd5 14. Qa6 Bxe4 15. Rxe4 Qd5 16. d3 Rab8 17. b4 f5 18. Qc4 Rfd8 19. Qxd5+ Rxd5 20. Rc4 e4 21. Rxc6 exf3 22. Bf4 Rxd3 23. Rxc7 Bf6 24. Rc1 Re8 25. Be3 g5 26. b5 fxg2 27. Rc2 f4 28. Bxa7 f3 29. Rc1 Rd5 30. Be3 Red8 0-1

[Event "Early-Titled-Tuesday-Blitz-February-13-2024"]
[Site "Chess.com"]
[Date "2024.02.13"]
[Round "5"]
[White "GelmanAlexander"]
[Black "Irishchessman16"]
[Result "1-0"]
[WhiteElo "2764"]
[BlackElo "2525"]
[TimeControl "180+1"]
[EndTime "8:59:54 PST"]
[Termination "GelmanAlexander won by checkmate"]

1. d4 f5 2. Nc3 Nf6 3. g4 d5 4. Bf4 fxg4 5. h3 g3 6. Bxg3 Bf5 7. e3 e6 8. Bd3 Bd6 9. Bh4 O-O 10. Nf3 Nc6 11. Rg1 Qe8 12. Bxf5 exf5 13. Bxf6 Rxf6 14. Nxd5 Rh6 15. Ng5 Rd8 16. Qd3 Bh2 17. Qc4 Kf8 18. Rg2 Na5 19. Qc5+ Rdd6 20. Qxa5 b6 21. Qa3 c5 22. c4 cxd4 23. Rxh2 dxe3 24. fxe3 Qh5 25. Rg2 Qh4+ 26. Ke2 Qxc4+ 27. Qd3 Qc6 28. Rd1 g6 29. Qd4 Qb5+ 30. Kf2 Ke8 31. Qg7 Rxh3 32. Qe7# 1-0

[Event "Early-Titled-Tuesday-Blitz-February-13-2024"]
[Site "Chess.com"]
[Date "2024.02.13"]
[Round "5"]
[White "secrethawk1"]
[Black "Karttunen"]
[Result "0-1"]
[WhiteElo "2488"]
[BlackElo "2631"]
[TimeControl "180+1"]
[EndTime "8:59:56 PST"]
[Termination "Karttunen won by checkmate"]

1. d4 Nf6 2. Bf4 c5 3. e3 Qb6 4. Nc3 d5 5. dxc5 Qxc5 6. Nf3 Nc6 7. Bb5 a6 8. Ba4 b5 9. Bb3 e6 10. O-O Bb7 11. a4 b4 12. Ne2 Ne4 13. Ned4 Na5 14.
Ba2 Nc4 15. Bxc4 dxc4 16. Qe2 Rc8 17. Rfd1 Be7 18. Ne5 Bf6 19. Nd7 Qa5 20. Nxf6+ Nxf6 21. Nf3 O-O 22. h3 Rfd8 23. Ne5 Rd5 24. Nxc4 Qc5 25. Nd6 Rxd6 26. Bxd6 Qg5 27. f3 Nd5 28. e4 Ne3 29. Rd2 Nc4 30. Rdd1 a5 31. f4 Qg6 32. Be5 Bxe4 33. Rf1 h5 34. Bd4 Bd5 35. b3 Nd6 36. Rac1 Nf5 37. Kh2 Nxd4 38. Qe3 Nf5 39. Qb6 Qxg2# 0-1

[Event "Early-Titled-Tuesday-Blitz-February-13-2024"]
[Site "Chess.com"]
[Date "2024.02.13"]
[Round "5"]
[White "Al_Shima"]
[Black "winniethepooh04"]
[Result "0-1"]
[WhiteElo "2360"]
[BlackElo "2539"]
[TimeControl "180+1"]
[EndTime "8:59:57 PST"]
[Termination "winniethepooh04 won by resignation"]

1. e4 e6 2. Nc3 d5 3. Nf3 dxe4 4. Nxe4 Nd7 5. d4 Ngf6 6. Nxf6+ Nxf6 7. Be3 Nd5 8. Bg5 Be7 9. Bxe7 Qxe7 10. Qd2 O-O 11. O-O-O c5 12. c3 cxd4 13. Nxd4 Bd7 14. Bd3 Rac8 15.
Rhe1 Qc5 16. Kb1 b5 17. Nb3 Qb6 18. Be4 Nf6 19. Bf3 Rfd8 20. Qd4 Qb8 21. Qe3 Be8 22. h3 Qc7 23. g4 h6 24. h4 Rxd1+ 25. Rxd1 Rd8 26.
Re1 Nd5 27. Bxd5 Rxd5 28. g5 hxg5 29. hxg5 Qd6 30. Kc1 a6 31. Rh1 Qe5 32. Qh3 Qxg5+ 33. Kb1 Qf5+ 34. Qxf5 Rxf5 35. Rh2 Bc6 36. Nd4 Be4+ 37.
Kc1 Rd5 38. Ne2 Bf3 39. Nd4 Be4 40. Rh4 Bg6 41. Rg4 Kf8 42. Rg2 Ke7 43. Ne2 Rf5 44.
Nd4 Rf4 45. Ne2 Re4 46. Nd4 Re1+ 47. Kd2 Rb1 48. b3 Rb2+ 49. Ke3 Rxa2 50. f4 Rxg2 0-1

[Event "Early-Titled-Tuesday-Blitz-February-13-2024"]
[Site "Chess.com"]
[Date "2024.02.13"]
[Round "5"]
[White "bylavochka"]
[Black "ozates"]
[Result "1-0"]
[WhiteElo "2328"]
[BlackElo "2570"]
[TimeControl "180+1"]
[EndTime "8:59:58 PST"]
[Termination "bylavochka won by checkmate"]

1. Nf3 b6 2. g3 Bb7 3. Bg2 e5 4.
d3 Nf6 5. O-O Bd6 6. Nbd2 O-O 7. Nc4 Re8 8. Nxd6 cxd6 9. c4 Nc6 10.
b3 d5 11. Bb2 d4 12. Ng5 h6 13. Ne4 Nxe4 14. Bxe4 d6 15. e3 dxe3 16. fxe3 Qd7 17. Qf3 Nd8 18. Rf2 Bxe4 19. Qxe4 Ne6 20. Raf1 Re7 21.
Qxa8+ Kh7 22. h4 Nc5 23. Qd5 Qg4 24. Kg2 Re6 25. Bc1 Rg6 26. Rf3 f5 27. b4 e4 28.
bxc5 exf3+ 29. Qxf3 Qxh4 30. Bb2 dxc5 31. Be5 Qe7 32.
Qxf5 Qb7+ 33. Kh3 Qe7 34. Kg2 Qd8 35. d4 cxd4 36. exd4 b5 37. Qd3 Qa5 38. c5 Qxa2+ 39. Rf2 Qd5+ 40. Qf3 Qd7 41. c6 Rxc6 42. Qe4+ Rg6 43.
Rf8 Qe6 44. d5 Qe7 45. Rf2 b4 46. d6 Qe6 47. Rd2 Qd7 48. Rb2 a5 49. Ra2 Qb5 50. Rd2 Qd7 51. Rc2 b3 52. Rc7 Qe6 53. Rxg7+ Kh8 54. Rxg6+ Kh7 55. Rg7+ Kh8 56. Qh7# 1-0

[Event "Early-Titled-Tuesday-Blitz-February-13-2024"]
[Site "Chess.com"]
[Date "2024.02.13"]
[Round "5"]
[White "sansanathalia"]
[Black "Fjal"]
[Result "0-1"]
[WhiteElo "2387"]
[BlackElo "2261"]
[TimeControl "180+1"]
[EndTime "8:59:58 PST"]
[Termination "Fjal won on time"]

1. e4 d6 2. d4 Nf6 3. Nc3 g6 4.
Nf3 Bg7 5. Be2 O-O 6. O-O Nc6 7. h3 e5 8. dxe5 Nxe5 9. Nxe5 dxe5 10. Bg5 c6 11.
Bd3 Be6 12. Ne2 Qb6 13. b3 Rad8 14. Qe1 Rd7 15. Be3 Qc7 16. f4 exf4 17. Nxf4 Re8 18.
Rd1 b6 19. Bc1 Rde7 20. Bb2 Bc8 21. Nxg6 hxg6 22. Bxf6 Bxf6 23. Rxf6 Qe5 24. Qf2 Be6 25. Rf1 b5 26. h4 Kg7 27. g3 a6 28. c4 Rd8 29. Be2 Rd2 30. cxb5 axb5 31. h5 gxh5 32. Qe3 Qd4 33. Qxd4 Rxd4 34. Bxh5 Rxe4 35. Bf3 Re3 36. Bxc6 Bh3 37. R1f2 Re1+ 38. Kh2 Bg4 39. Bd5 R1e2 0-1

[Event "Early-Titled-Tuesday-Blitz-February-13-2024"]
[Site "Chess.com"]
[Date "2024.02.13"]
[Round "5"]
[White "C_K_G"]
[Black "Rozhkov_V"]
[Result "0-1"]
[WhiteElo "2121"]
[BlackElo "2380"]
[TimeControl "180+1"]
[EndTime "8:59:58 PST"]
[Termination "Rozhkov_V won on time"]

1. e4 e6 2. Nf3 d5 3. Nc3 d4 4.
Ne2 c5 5. c3 Nf6 6. e5 Nfd7 7.
cxd4 cxd4 8. Nexd4 Nxe5 9. Bb5+ Nec6 10. Qa4 Bd7 11. O-O Bd6 12. Nxc6 Bxc6 13. Nd4 Bxb5 14. Nxb5 Nc6 15. d4 O-O 16. Be3 a6 17. Nxd6 Qxd6 18. Rac1 Rfd8 19. g3 h5 20. Rfd1 h4 21. Qc4 hxg3 22.
hxg3 Rac8 23. Qc5 Qd5 24. Qxd5 Rxd5 25. Rc4 Rcd8 26. Kg2 e5 27. a3 exd4 28. Bf4 g5 29. Bd2 R8d7 30. b4 Kg7 31. Rdc1 Kg6 32. Rc5 f6 33. a4 Ne5 34. Rxd5 Rxd5 35. Kf1 b5 36. a5 Nc4 37. Ke2 Kf5 38. Kd3 Rd8 39. Re1 Ne5+ 40. Ke2 Rc8 41. Rh1 Ke4 42. Rh7 Rc2 43. Re7 Rb2 44. f3+ Kd5 45. f4 Nc4 0-1

[Event "Early-Titled-Tuesday-Blitz-February-13-2024"]
[Site "Chess.com"]
[Date "2024.02.13"]
[Round "5"]
[White "Alexander_Donchenko"]
[Black "Aslanov_Umid"]
[Result "1/2-1/2"]
[WhiteElo "2921"]
[BlackElo "2681"]
[TimeControl "180+1"]
[EndTime "8:59:59 PST"]
[Termination "Game drawn by repetition"]

1. Nf3 d5 2. e3 Nf6 3. c4 e6 4.
Nc3 Be7 5. b3 dxc4 6. bxc4 b6 7.
Bb2 Bb7 8. Be2 c5 9. Qc2 O-O 10.
Rg1 Nc6 11. g4 Nb4 12. Qb1 Rc8 13. g5 Nd7 14. a3 Bxf3 15. Bxf3 Ne5 16. Be4 Nbd3+ 17.
Bxd3 Qxd3 18. Rg3 Rfd8 19. Ne4 Qxc4 20. Bxe5 Rd3 21. Nf6+ Bxf6 22. gxf6 Rcd8 23. Rxg7+ Kh8 24. Qd1 Qe4 25. Qg4 Qh1+ 26. Qg1 Qe4 27. Bc3 Rxc3 28.
dxc3 Qd3 29. Qg4 Qxc3+ 30. Ke2 Rd2+ 31. Kf3 Qxf6+ 32. Qf4 Qxg7 33. Qb8+ Qg8 34. Qe5+ Qg7 35. Qb8+ Qg8 36. Qe5+ Qg7 37. Qb8+ 1/2-1/2

[Event "Early-Titled-Tuesday-Blitz-February-13-2024"]
[Site "Chess.com"]
[Date "2024.02.13"]
[Round "5"]
[White "AlmasRakhmatullaev"]
[Black "Iskusnyh"]
[Result "1-0"]
[WhiteElo "2879"]
[BlackElo "2655"]
[TimeControl "180+1"]
[EndTime "8:59:59 PST"]
[Termination "AlmasRakhmatullaev won by resignation"]

1. e4 e6 2. d4 d5 3. Nc3 Nf6 4. e5 Nfd7 5. Nce2 c5 6. c3 Nc6 7.
f4 Be7 8. Nf3 b5 9. g3 b4 10.
Bh3 bxc3 11. bxc3 O-O 12. O-O Ba6 13. Rf2 Nb6 14. f5 exf5 15. Bxf5 Bc8 16. Bd3 cxd4 17.
Nexd4 Nxd4 18. Nxd4 Qc7 19. Bf4 Be6 20. Rc1 Bc5 21. Qh5 g6 22. Qe2 Rac8 23. h4 Na4 24. h5 Qe7 25. hxg6 fxg6 26. Be3 Rxf2 27. Qxf2 Rf8 28.
Qd2 Nb6 29. Bh6 Rf7 30. Bg5 Qf8 31. Kg2 Bxd4 32. cxd4 Nc4 33. Qe2 Bf5 34. Bxc4 dxc4 35. e6 Qa8+ 36. Kg1 Rf8 37. e7 Re8 38. Qxc4+ Kg7 39.
d5 h5 40. Qd4+ Kh7 41. Rc6 Qb7 42. Qf6 Qb1+ 43. Rc1 Qd3 44. Qf7+ 1-0